 Dungeon Crawl Stone Soup version 0.31-a0-339-gda1cbd555d (webtiles) character file.

Game seed: 11789867062119465965

1376 Newt the Carver (level 8, 0/53 (61) HPs)
             Began as a Merfolk Fighter on July 20, 2023.
             Slain by a wight
             ... wielding a +0 scimitar
              (9 damage)
             ... on level 6 of the Dungeon.
             The game lasted 00:05:10 (4209 turns).

Newt the Carver (Merfolk Fighter)                   Turns: 4209, Time: 00:05:10

HP:   0/53 (61)     AC: 12    Str: 16    XL:     8   Next: 66%
MP:   8/8           EV: 10    Int:  7    God:
Gold: 171           SH:  5    Dex: 16    Spells: 7/7 levels left

rFire   . . .        p - +7 Throatcutter {drain, coup de grace}
rCold   . . .        c - +0 buckler
rNeg    . . .        b - +0 scale mail
rPois   .            (no helmet)
rElec   .            k - +0 cloak
rCorr   +            q - +0 pair of gloves
SInv    .            u - +2 pair of boots
Will    .....        (no amulet) Stlth
                     h - ring of resist corrosion
HPRegen 0.28/turn    (no ring)
MPRegen 0.11/turn

%: no passive effects
@: hasted, heavily drained, very quick
A: (nimble swimmer 2), mertail
a: no special abilities


You were on level 6 of the Dungeon.
You visited 1 branch of the dungeon, and saw 6 of its levels.

You collected 171 gold pieces.

Inventory:

Hand Weapons
 a - a +1 long sword
 p - the +7 Throatcutter (weapon) {drain, coup de grace}
   (You took it off Terence on level 3 of the Dungeon)
Missiles
 g - 4 poisoned darts
Armour
 b - a +0 scale mail (worn)
 c - a +0 buckler (worn)
 k - a +0 cloak (worn)
 n - a +0 pair of boots
 q - a +0 pair of gloves (worn)
 u - a +2 pair of boots (worn)
Jewellery
 h - a ring of resist corrosion (left hand)
Wands
 o - a wand of roots (10)
 v - a wand of digging (6)
 w - a wand of polymorph (5)
Scrolls
 f - a scroll of brand weapon
 s - a scroll of enchant armour
 t - a scroll of revelation
Potions
 d - 3 potions of might
 e - a potion of curing
 i - 3 potions of resistance
 j - a potion of enlightenment
 m - a potion of heal wounds
 r - a potion of attraction {unknown}


   Skills:
 + Level 4.9 Fighting
 - Level 10.0 Long Blades
 - Level 4.0 Armour
 - Level 4.0 Dodging
 - Level 3.0 Shields


You had 7 spell levels left.
You didn't know any spells.
Your spell library contained the following spells:

 Spells                   Type           Power      Damage    Failure   Level
 Magic Dart               Conj           0%         1d3       91%         1
 Sandblast                Erth           0%         2d4       91%         1
 Sting                    Tmut/Pois      0%         1d3       91%         1
 Cigotuvi's Dreadful Rot  Necr/Pois/Air  0%         N/A       97%         2
 Passwall                 Tmut/Erth      0%         N/A       97%         2
 Poisonous Vapours        Pois/Air       0%         N/A       97%         2
 Searing Ray              Conj           0%         2d4       97%         2
 Ignite Poison            Fire/Tmut/Pois 0%         N/A       99%         3
 Stone Arrow              Conj/Erth      0%         3d7       99%         3
 Fulminant Prism          Conj/Hex       0%         3d5       100%        4
 Olgreb's Toxic Radiance  Pois           0%         N/A       100%        4
 Freezing Cloud           Conj/Ice/Air   0%         6-21      100%        5


Dungeon Overview and Level Annotations

Branches:
Dungeon (6/15)
 Temple: D:4-7

Altars:
Qazlal
Trog


Innate Abilities, Weirdness & Mutations

((You are very nimble when in or above water. (Stealth+, EV+, Speed+++)))
Your lower body shifts to a powerful aquatic tail in water.


Message History

You feel drained.
Unknown command.
You barely miss the wight.
The wight is heavily damaged.
The wight hits you with a +0 scimitar.
You feel drained. You block the wight's attack.
Unknown command.
The wight attacks as you move away! The wight barely misses you.
The wight attacks as you move away! The wight hits you with a +0 scimitar.
The wight attacks as you move away! The wight hits you with a +0 falchion.
* * * LOW HITPOINT WARNING * * *
You feel drained.
* * * LOW HITPOINT WARNING * * *
Unknown command.
You hit the wight.
The wight is lightly damaged.
The wight completely misses you. The wight hits you with a +0 falchion.
* * * LOW HITPOINT WARNING * * *
You feel drained.
Unknown command.
Okay, then.
You feel much better. The wight barely misses you.
The wight closely misses you.
You feel yourself speed up. The wight barely misses you.
The wight hits you with a +4 short sword!
Unknown command.
A black bear comes into view.
The black bear growls angrily.
The wight barely misses you. The wight hits you with a +0 scimitar.
* * * LOW HITPOINT WARNING * * *
You feel drained.
* * * LOW HITPOINT WARNING * * *
The wight barely misses you. The wight hits you but does no damage.
Unknown command.
You hit the wight.
The wight is lightly damaged.
The wight hits you with a +3 scimitar.
* * * LOW HITPOINT WARNING * * *
The wight hits you with a +0 scimitar!
You die...

...## ##..... ..
.....######...# ...
#.>..##....# ...
#....h...## #..#
##...#....###...#
#...####....#..#
##zz## ##......#
#z..# ##.....#
##@z## ##...##
#...# ##..# #
##..## #..##
#...###...# ##...##
#........# #......
#.........#
#..###..
#..........# #...#
### #............#
#...# #
..............#...#


You could see a black bear and 4 wights.

Vanquished Creatures
  A water moccasin (D:5)
  A sky beast (D:5)
  2 black bears
  2 ogres (D:5)
  A centaur (D:5)
  2 phantoms (D:5)
  2 scorpions (D:5)
  4 wights (D:5)
  2 hounds (D:5)
  Crazy Yiuf (D:3)
  An orc priest (D:3)
  A jelly (D:5)
  Terence (D:3)
  2 adders (D:3)
  3 worms
  3 dart slugs
  7 orcs
  6 ball pythons
  3 endoplasms
  3 giant cockroaches
  9 goblins
  9 hobgoblins
  4 quokkas
  8 bats
  2 frilled lizards (D:1)
  8 kobolds
  8 rats
96 creatures vanquished.

Notes
Turn   | Place    | Note
-------+----------+-------------------------------------------
     0 | D:1      | Newt the Merfolk Fighter began the quest for the Orb.
     0 | D:1      | Reached XP level 1. HP: 18/18 MP: 1/1
   155 | D:1      | Reached XP level 2. HP: 23/25 MP: 2/2
   309 | D:1      | Reached skill level 1 in Dodging
   897 | D:2      | Reached XP level 3. HP: 30/30 MP: 3/3
  1247 | D:2      | Found a stormy altar of Qazlal.
  1890 | D:3      | Reached XP level 4. HP: 37/37 MP: 4/4
  1903 | D:3      | Noticed Terence
  1913 | D:3      | Killed Terence
  1914 | D:3      | Reached skill level 3 in Long Blades
  2015 | D:3      | Reached XP level 5. HP: 26/41 MP: 5/5
  2016 | D:3      | Reached skill level 4 in Long Blades
  2308 | D:3      | Found a runed translucent door.
  2309 | D:3      | Noticed Crazy Yiuf
  2600 | D:3      | Killed Crazy Yiuf
  2709 | D:4      | Reached skill level 5 in Long Blades
  2785 | D:4      | Noticed a black bear
  2790 | D:4      | Killed a black bear
  2791 | D:4      | Reached skill level 6 in Long Blades
  2791 | D:4      | Reached XP level 6. HP: 45/48 MP: 6/6
  2884 | D:4      | Found a bloodstained altar of Trog.
  3189 | D:5      | Entered Level 5 of the Dungeon
  3226 | D:5      | Reached XP level 7. HP: 36/54 MP: 7/7
  3431 | D:5      | Reached skill level 7 in Long Blades
  3460 | D:5      | Reached skill level 8 in Long Blades
  3460 | D:5      | Reached XP level 8. HP: 58/60 MP: 8/8
  3526 | D:5      | Reached skill level 9 in Long Blades
  3655 | D:5      | Reached skill level 10 in Long Blades
  4209 | D:6      | Slain by a wight

Illustrated notes

Levels and vault maps discovered:
D:1:      sevenhm_arrival_forest_fort_small_6, layout_basic, minmay_cut_off
D:2:      layout_basic, basic_altar, moated_statue, kennysheep_generic_room_15
D:3:      layout_loops_cross, uniq_crazy_yiuf_cottage, uniq_terence
D:4:      layout_basic, trog_hazing_becter
D:5:      layout_cave_pools
D:6:      layout_layer_cave, mainiacjoe_overflow_alcove_2,
          minmay_temple_entry_fiery

Skill      XL: |  1  2  3  4  5  6  7  8 |
---------------+-------------------------+-----
Fighting       | 4 |  4.9
Dodging        | 2 3 4 |  4.0
Long Blades    | 3 6 8 10 | 10.0
Armour         | 3 4 |  4.0
Shields        | |  3.0

Action                     |  1- 3 |  4- 6 |  7- 9 || total
---------------------------+-------+-------+-------++-------
  Melee: Long sword        |   133 |    63 |    53 ||   249
         Tailslap          |       |     1 |       ||     1
    Use: Scroll            |    10 |     5 |     1 ||    16
         Potion            |       |     1 |     2 ||     3
 Armour: Scale mail        |    56 |    24 |    19 ||    99
  Dodge: Dodged            |    64 |    30 |    23 ||   117
  Block: Buckler           |    25 |    17 |    10 ||    52

Table legend: (Time is in decaauts)
 A = Elapsed time spent in this place.
 B = Non-inter-level travel time spent in this place.
 C = Inter-level travel time spent in this place.
 D = Time resting spent in this place.
 E = Time spent auto-exploring this place.
 F = Levels seen in this place.
 G = Mean time per level.
                   A        B        C        D        E       F      G
               +--------+--------+--------+--------+--------+-----+--------+
         Total |   4258 |   4064 |    194 |    492 |   2881 |   6 |  709.7 |
       Dungeon |   4258 |   4064 |    194 |    492 |   2881 |   6 |  709.7 |
               +--------+--------+--------+--------+--------+-----+--------+

Top non-repeatable levels by time:
     D:1: 916 daAuts
     D:5: 913 daAuts
     D:2: 888 daAuts
     D:3: 869 daAuts
     D:4: 562 daAuts
     D:6: 107 daAuts
